 Dungeon Crawl Stone Soup version 0.30-a0-360-g447f08457e (webtiles) character file.

Game seed: 3412910085973536897

49 Bnni the Shield-Bearer (level 4, -7/35 (37) HPs)
             Began as a Formicid Fighter on Nov 13, 2022.
             Killed from afar by Sigmund (8 damage)
             ... with a magic dart
             ... on level 3 of the Dungeon.
             The game lasted 00:03:13 (1688 turns).

Bnni the Shield-Bearer (Formicid Fighter)           Turns: 1688, Time: 00:03:13

HP:   -7/35 (37)    AC: 10    Str: 23    XL:     4   Next: 1%
MP:   13/13         EV:  7    Int:  7    God:
Gold: 180           SH:  5    Dex: 13    Spells: 3/3 levels left

rFire   . . .      SeeInvis +    a - +0 trident
rCold   . . .      Faith    .    c - +0 buckler
rNeg    . . .      Spirit   .    j - +0 chain mail
rPois   +          Reflect  .    (helmet unavailable)
rElec   .          Harm     .    (no cloak)
rCorr   .          Rampage  .    (no gloves)
Will    .....                    l - +0 pair of boots
Stlth   ..........               (no amulet)
HPRegen 0.25/turn                g - ring of poison resistance
MPRegen 0.13/turn                b - ring of magical power

@: mighty, drained
A: permanent stasis, dig shafts and tunnels, antennae 3, four strong arms
a: Dig, Shaft Self


You were on level 3 of the Dungeon.
You visited 1 branch of the dungeon, and saw 3 of its levels.

You collected 180 gold pieces.

Inventory:

Hand Weapons
 a - a +0 trident (weapon)
Armour
 c - a +0 buckler (worn)
 j - a +0 chain mail (worn)
 l - a +0 pair of boots (worn)
Jewellery
 b - a ring of magical power (right hand)
 g - a ring of poison resistance (left hand)
 n - a ring of wizardry
Scrolls
 e - a scroll of enchant armour {unknown}
 f - a scroll of brand weapon {unknown}
 h - 3 scrolls of identify {unknown}
 m - a scroll of amnesia {unknown}
 o - 2 scrolls of noise {unknown}
 r - a scroll of teleportation {unknown}
Potions
 i - a potion of flight {unknown}
 k - a potion of curing {unknown}
 p - a potion of invisibility {unknown}
 q - a potion of brilliance {unknown}
 s - a potion of magic {unknown}


   Skills:
 + Level 3.8 Fighting
 * Level 3.1 Polearms
 - Level 3.2 Armour
 + Level 4.5 Shields


You had 3 spell levels left.
You didn't know any spells.
Your spell library contained the following spells:

 Spells                   Type           Power      Damage    Failure   Level
 Kiss of Death            Conj/Necr      0%         2d5       99%         1
 Confusing Touch          Hex            0%         N/A       100%        3
 Dispel Undead            Necr           0%         3d6       100%        4


Dungeon Overview and Level Annotations

Branches:
Dungeon (3/15)

Altars:

Annotations:
D:3 Sigmund


Innate Abilities, Weirdness & Mutations

You cannot be hasted, slowed, berserked, paralysed or teleported.
You can dig through walls and to a lower floor.
You have a pair of large antennae on your head. (SInv)
Your four strong arms can wield two-handed weapons with a shield.


Message History

Sigmund gestures at you while chanting. The puff of flame misses you.
You hit Sigmund.
Sigmund is moderately wounded.
Sigmund closely misses you.
You closely miss Sigmund.
Sigmund is moderately wounded.
Sigmund hits you with a +1 vorpal scythe.
You barely miss Sigmund.
Sigmund is moderately wounded.
You hit Sigmund.
Sigmund is heavily wounded.
Sigmund barely misses you.
You barely miss Sigmund.
Sigmund is heavily wounded.
Sigmund hits you with a +1 vorpal scythe!
* * * LOW HITPOINT WARNING * * *
x2 You barely miss Sigmund.
Sigmund is heavily wounded.
Sigmund barely misses you.
You hit Sigmund.
Sigmund is heavily wounded.
Unknown command.
You feel very mighty all of a sudden.
Sigmund says, "Look into my eyes."
Sigmund closely misses you.
You closely miss Sigmund.
Sigmund is heavily wounded.
Sigmund casts a spell.
Sigmund flickers and vanishes for a moment.
You barely miss Sigmund.
Sigmund is heavily wounded.
Sigmund gestures at you while chanting. The puff of flame hits you.
* * * LOW HITPOINT WARNING * * *
You closely miss Sigmund.
Sigmund is heavily wounded.
Sigmund gestures at you while chanting. The magic dart hits you!
You die...

# .. ... ....
.....
#######......
#<...@@......
#######......
..... ....
... ##


You could see Sigmund (invisible).

Vanquished Creatures
  A worm (D:2)
  2 dart slugs
  6 endoplasms
  A giant cockroach (D:2)
  5 goblins
  3 hobgoblins
  3 kobolds
  4 ball pythons (D:1)
  6 bats
  2 frilled lizards
  6 rats
39 creatures vanquished.

Notes
Turn   | Place    | Note
-------+----------+-------------------------------------------
     0 | D:1      | Bnni the Formicid Fighter began the quest for the Orb.
     0 | D:1      | Reached XP level 1. HP: 18/18 MP: 1/1
   103 | D:1      | Reached XP level 2. HP: 24/24 MP: 2/2
   462 | D:1      | Found a faded altar of an unknown god.
   484 | D:1      | Reached XP level 3. HP: 29/29 MP: 3/3
  1598 | D:2      | Reached XP level 4. HP: 35/35 MP: 4/4
  1667 | D:3      | Noticed Sigmund
  1687 | D:3      | HP: 1/35 [Sigmund/puff of flame (3)]
  1688 | D:3      | Killed from afar by Sigmund

Illustrated notes

Levels and vault maps discovered:
D:1:      moated_graveyard_arrival, layout_basic,
          shapermc_ecumenical_altar_totnotflames,
          nicolae_kite_square_tiling_tiny, st_stairs_7
D:2:      layout_basic, st_stairs_13
D:3:      layout_basic, uniq_sigmund, uniq_jessica

Skill      XL: |  1  2  3 |
---------------+----------+-----
Polearms       | 3 |  3.1
Fighting       | |  3.8
Armour         | |  3.2
Shields        | |  4.5

Action                   |  1- 3 |  4- 6 || total
-------------------------+-------+-------++-------
Melee: Trident           |   108 |    16 ||   124
  Use: Potion            |       |     1 ||     1
Armor: Scale mail        |    14 |       ||    14
       Chain mail        |    30 |       ||    30
Dodge: Dodged            |    30 |     7 ||    37
Block: Buckler           |    11 |       ||    11

Table legend: (Time is in decaauts)
 A = Elapsed time spent in this place.
 B = Non-inter-level travel time spent in this place.
 C = Inter-level travel time spent in this place.
 D = Time resting spent in this place.
 E = Time spent auto-exploring this place.
 F = Levels seen in this place.
 G = Mean time per level.
                   A        B        C        D        E       F      G
               +--------+--------+--------+--------+--------+-----+--------+
         Total |   1709 |   1660 |     49 |      0 |   1347 |   3 |  569.7 |
       Dungeon |   1709 |   1660 |     49 |      0 |   1347 |   3 |  569.7 |
               +--------+--------+--------+--------+--------+-----+--------+

Top non-repeatable levels by time:
     D:2: 878 daAuts
     D:1: 808 daAuts
     D:3: 23 daAuts
